 Dungeon Crawl Stone Soup version 0.22.1-1-ga44c0e5 (webtiles) character file.

1740 Fang the Chopper (level 9, 0/54 HPs)
             Began as a Gargoyle Berserker on Oct 31, 2018.
             Was a Priest of Trog.
             Killed from afar by an electric eel (4 damage)
             ... with a bolt of electricity
             ... on level 6 of the Dungeon.
             The game lasted 00:07:28 (6131 turns).

Fang the Chopper (Gargoyle Berserker)               Turns: 6131, Time: 00:07:30

Health: 0/54       AC: 18    Str: 28    XL:     9   Next: 5%
Magic:  9/9        EV:  9    Int:  8    God:    Trog [***...]
Gold:   92         SH:  0    Dex:  9    Spells: 8/8 levels left

rFire    . . .     SeeInvis .   j - +9 war axe of Departure {venom, +Fly Str+4}
rCold    . . .     Gourm    .   (no shield)
rNeg     + . .     Faith    .   u - +0 plate armour
rPois    ∞         Spirit   .   (no helmet)
rElec    +         Reflect  .   (no cloak)
rCorr    +         Harm     .   (no gloves)
MR       .....                  (no boots)
Stlth    ..........             (no amulet)
HPRegen  0.18/turn              y - ring of resist corrosion
MPRegen  0.11/turn              A - ring of stealth

@: no status effects
A: negative energy resistance 1, electricity resistance, unbreathing,
petrification resistance, rot immunity, AC +6
a: Berserk, Trog's Hand, Renounce Religion, Evoke Flight


You were on level 6 of the Dungeon.
You worshipped Trog.
Trog was most pleased with you.
You were not hungry.

You visited 2 branches of the dungeon, and saw 7 of its levels.

You collected 270 gold pieces.
You spent 178 gold pieces at shops.

Inventory:

Hand Weapons
 a - a +0 hand axe
 j - the +9 war axe of Departure (weapon) {venom, +Fly Str+4}
   (You bought it in a shop on level 5 of the Dungeon)

   It poisons the flesh of those it strikes.
   It affects your strength (+4).
   It lets you fly.
Armour
 u - a +0 plate armour (worn)
Jewellery
 y - a ring of resist corrosion (left hand)
 A - a ring of stealth (right hand)
Wands
 q - a wand of enslavement (15)
 s - a wand of flame (38)
 v - a wand of iceblast (13)
Scrolls
 b - 5 scrolls of teleportation {unknown}
 d - 2 scrolls of blinking {unknown}
 e - 4 scrolls of identify {unknown}
 g - a scroll of noise {unknown}
 h - 7 scrolls of amnesia {unknown}
 i - 4 scrolls of remove curse {unknown}
 m - a scroll of immolation {unknown}
 r - a scroll of enchant armour {unknown}
 w - 2 scrolls of magic mapping {unknown}
 x - a scroll of random uselessness {unknown}
Potions
 f - a potion of heal wounds
 k - 2 potions of curing {unknown}
 l - 2 potions of degeneration {unknown}
 n - a potion of berserk rage {unknown}
 o - 2 potions of resistance {unknown}
 p - a potion of mutation {unknown}
 t - a potion of lignification {unknown}
Comestibles
 c - 5 rations


   Skills:
 + Level 5.6 Fighting
 + Level 7.6 Axes
 + Level 5.3 Armour
 + Level 4.4 Dodging
 + Level 1.8 Stealth


You had 8 spell levels left.
You didn't know any spells.
Your spell library was empty.

Dungeon Overview and Level Annotations

Branches:
Dungeon (6/15)             Temple (1/1) D:4

Altars:
Ashenzari
Fedhas
Gozag
Makhleb
Okawaru
Qazlal
Ru
Trog
Vehumet
Yredelemnul

Shops:
D:5 (

Annotations:
D:6 1 transporter


Innate Abilities, Weirdness & Mutations

You are resistant to torment.
Your stone body is resilient. (AC +6)
You are immune to poison.
You resist negative energy. (rN+)
You are resistant to electric shocks. (rElec)
You can survive without breathing.
You are immune to petrification.
You are immune to rotting.


Message History

* * * LOW HITPOINT WARNING * * *
The electric eel shoots out a bolt of lightning at you!
The bolt of electricity misses you.
You open the door.
The electric eel shoots out a bolt of lightning at you!
The bolt of electricity hits you! You resist.
* * * LOW HITPOINT WARNING * * *
The bolt of electricity hits you! You resist.
* * * LOW HITPOINT WARNING * * *
The bolt of electricity hits the electric eel.
The electric eel completely resists.
The electric eel shoots out a bolt of lightning at you!
The bolt of electricity hits you! You resist.
* * * LOW HITPOINT WARNING * * *
There is an open door here.
The electric eel shoots out a bolt of lightning at you!
The bolt of electricity misses you.
The electric eel shoots out a bolt of lightning at you!
The bolt of electricity hits you! You resist.
You die...

###################
#................)# #
###.###############.# .#
..#.#8P#≈≈≈≈≈≈;#P8#.##.##
#...#..#.....!.#..#.....
#..©#©.'...♣...'@©#©..#
#...#..#.....?.#..#..##
..#.#8P#≈≈≈;≈;≈#P8#.##
###.###############.# #
#.................# #
################### #


You could see 3 electric eels.

Vanquished Creatures
  Grinder (D:4)
  Sigmund (D:3)
  Eustachio (D:4)
  The ghost of Action013 the Cudgeler, an amateur GrFi (D:4)
  Duvessa (D:4)
  A sky beast (D:4)
  2 ogres
  3 bullfrogs (D:6)
  A scorpion (D:6)
  Dowan (D:4)
  2 howler monkeys
  A crimson imp (D:5)
  A jelly (D:6)
  A hound (D:3)
  An orc wizard (D:4)
  Natasha (thrice) (D:3)
  2 worker ants (D:5)
  A hound skeleton (D:4)
  11 adders
  5 worms
  6 leopard geckos
  11 orcs
  2 ball pythons (D:2)
  7 bats
  2 giant cockroaches
  5 goblins
  6 hobgoblins
  7 jackals
  4 kobolds
  2 quokkas
  4 frilled lizards
  3 rats (D:2)
100 creatures vanquished.

Vanquished Creatures (others)
  2 withered plants (D:4)
2 creatures vanquished.

Grand Total: 102 creatures vanquished

Notes
Turn   | Place    | Note
-------+----------+-------------------------------------------
     0 | D:1      | Fang the Gargoyle Berserker began the quest for the Orb.
     0 | D:1      | Reached XP level 1. HP: 14/14 MP: 1/1
   264 | D:1      | Reached XP level 2. HP: 6/19 MP: 2/2
   266 | D:1      | Reached skill level 3 in Axes
  1184 | D:2      | Reached XP level 3. HP: 22/24 MP: 3/3
  1402 | D:2      | Reached ** piety under Trog
  1621 | D:2      | Reached XP level 4. HP: 29/29 MP: 4/4
  1700 | D:2      | Reached skill level 1 in Stealth
  1913 | D:3      | Found a shattered altar of Ashenzari.
  2035 | D:3      | Noticed Sigmund
  2053 | D:3      | Killed Sigmund
  2053 | D:3      | Reached skill level 4 in Axes
  2053 | D:3      | Reached XP level 5. HP: 33/33 MP: 5/5
  2053 | D:3      | Reached XP level 6. HP: 38/38 MP: 6/6
  2272 | D:3      | Noticed Natasha
  2297 | D:3      | Killed Natasha
  2669 | D:3      | Found a sacrificial altar of Ru.
  2719 | D:3      | Noticed Natasha
  2726 | D:3      | Killed Natasha
  2726 | D:3      | Reached skill level 5 in Axes
  2825 | D:3      | Noticed Natasha
  2836 | D:3      | Killed Natasha
  3019 | D:4      | Found a runed door.
  3020 | D:4      | Noticed Action013's ghost (amateur GrFi)
  3248 | D:4      | Reached XP level 7. HP: 37/44 MP: 7/7
  3257 | D:4      | Found a staircase to the Ecumenical Temple.
  3269 | D:4      | Found a stormy altar of Qazlal.
  3269 | D:4      | Found a blossoming altar of Fedhas.
  3401 | D:4      | Noticed Grinder
  3424 | D:4      | Paralysed by Grinder for 6 turns
  3435 | D:4      | Killed Grinder
  3435 | D:4      | Reached *** piety under Trog
  3455 | Temple   | Entered the Ecumenical Temple
  3820 | D:4      | Noticed Duvessa
  3820 | D:4      | Noticed Dowan
  3843 | D:4      | Killed Dowan
  3843 | D:4      | Reached skill level 6 in Axes
  3855 | D:4      | Killed Duvessa
  3855 | D:4      | Reached skill level 5 in Fighting
  3855 | D:4      | Reached XP level 8. HP: 49/49 MP: 8/8
  4445 | D:4      | Noticed Eustachio
  4841 | D:4      | Killed Eustachio
  5037 | D:4      | Killed Action013's ghost
  5202 | D:5      | Entered Level 5 of the Dungeon
  5266 | D:5      | Found a bloodstained altar of Trog.
  5285 | D:5      | Found a basalt altar of Yredelemnul.
  5303 | D:5      | Found Waisank's Antique Weapon Shop.
  5318 | D:5      | Bought a dazzling war axe for 178 gold pieces
  5331 | D:5      | Identified the +9 war axe of Departure {venom, +Fly Str+4}
                  | (You bought it in a shop on level 5 of the Dungeon)
  5347 | D:5      | Reached skill level 7 in Axes
  5563 | D:5      | Found an opulent altar of Gozag.
  5870 | D:5      | Found a radiant altar of Vehumet.
  5870 | D:5      | Found a burning altar of Makhleb.
  5927 | D:6      | Reached skill level 5 in Armour
  5931 | D:6      | Reached XP level 9. HP: 46/54 MP: 9/9
  6004 | D:6      | Found an iron altar of Okawaru.
  6054 | D:6      | Found a transporter.
  6084 | D:6      | Found a transporter.
  6131 | D:6      | Killed from afar by an electric eel

Skill      XL: |  1  2  3  4  5  6  7  8 |
---------------+-------------------------+-----
Axes           | 3 4 5 6 7 |  7.6
Dodging        | 2 3 4 |  4.4
Stealth        | 1 |  1.8
Fighting       | 4 5 |  5.6
Armour         | 3 4 5 |  5.3

Action                   |  1- 3 |  4- 6 |  7- 9 || total
-------------------------+-------+-------+-------++-------
Melee: Hand axe          |   126 |   195 |   218 ||   539
       War axe           |       |       |    30 ||    30
Invok: Berserk           |     1 |     2 |     5 ||     8
  Eat: Chunk             |     3 |     7 |     4 ||    14
       Ration            |       |       |     3 ||     3
Armor: Animal skin       |    25 |       |       ||    25
       Ring mail         |    18 |    96 |   134 ||   248
       Plate armour      |       |       |    23 ||    23
Dodge: Dodged            |    84 |   123 |   175 ||   382
